 Dungeon Crawl Stone Soup version 0.24.0-3-g28a8eb0610 (webtiles) character file.

Game seed: 7319282143388018597, levelgen mode: deterministic

49 FishyPogo the Conjurer (level 3, -2/26 HPs)
             Began as a Draconian Conjurer on Oct 31, 2019.
             Slain by Sigmund
             ... wielding a +2 scythe of venom
              (5 damage)
             ... on level 2 of the Dungeon on Nov 1, 2019.
             The game lasted 00:07:01 (1433 turns).

FishyPogo the Conjurer (Draconian Conjurer)         Turns: 1433, Time: 00:07:03

Health: -2/26      AC:  6    Str: 10    XL:     3   Next: 51%
Magic:  6/6        EV: 11    Int: 16    God:
Gold:   21         SH:  0    Dex: 11    Spells: 2/6 levels left

rFire    . . .     SeeInvis .   (no weapon)
rCold    . . .     Gourm    .   d - +0 buckler
rNeg     . . .     Faith    .   (armour unavailable)
rPois    .         Spirit   .   (helmet restricted)
rElec    .         Reflect  .   c - +0 cloak
rCorr    .         Harm     .   (no gloves)
MR       .....                  (no boots)
Stlth    +.........             (no amulet)
HPRegen  0.08/turn              (no ring)
MPRegen  0.10/turn              (no ring)

@: confused, lethally poisoned (-2 -> -22), drained
A: unfitting armour, cold-blooded, AC +5
a: no special abilities


You were on level 2 of the Dungeon.
You were not hungry.

You visited 1 branch of the dungeon, and saw 3 of its levels.

You collected 21 gold pieces.

Inventory:

Armour
 c - a +0 cloak (worn)
 d - a +0 buckler (worn)
Wands
 h - a wand of disintegration (12)
Scrolls
 a - a scroll of noise {unknown}
 f - a scroll of enchant armour {unknown}
 g - a scroll of immolation {unknown}
 j - a scroll of teleportation {unknown}
Potions
 e - a potion of degeneration {unknown}
Comestibles
 b - 3 rations
 i - 2 chunks of flesh


   Skills:
 - Level 2.0(1.3) Dodging
 - Level 2.0(1.3) Stealth
 * Level 1.3(0.6) Shields
 + Level 2.2(1.5) Spellcasting
 * Level 4.7(3.9) Conjurations


You had 2 spell levels left.
You knew the following spells:

 Your Spells              Type           Power        Failure   Level  Hunger
a - Magic Dart            Conj           ##..         6%          1    ##.....
b - Dazzling Spray        Conj/Hex       #.....       41%         3    ####...

Your spell library contained the following spells:

 Spells                   Type           Power        Failure   Level  Hunger
 Searing Ray              Conj           ##....       10%         2    ###....
 Iskenderun's Mystic Bla  Conj           ##......     54%         4    #####..
 Force Lance              Conj/Tloc      #.......     82%         4    #####..
 Fulminant Prism          Conj/Hex       #.........   82%         4    #####..


Dungeon Overview and Level Annotations

Branches:
Dungeon (3/15)

Altars:

Annotations:
D:2 Jessica, Natasha, Sigmund


Innate Abilities, Weirdness & Mutations

Your plain brown scales are hard. (AC +5)
You cannot fit into any form of body armour.
You are cold-blooded and may be slowed by cold attacks.


Message History

Jessica hits you with a +2 dagger of draining.
You feel drained.
You barely miss Jessica.
Jessica is moderately wounded.
You feel sick.
Jessica mumbles something strange.
Jessica closely misses you.
You hear some strange, mumbled words.
You are more confused.
You're too confused!
You feel sick. Something hits you.
You are lethally poisoned!
You feel sick. Jessica completely misses you.
You closely miss something. You tail-slap something.
You feel sick.
You hear some strange, mumbled words.
A magic dart appears from out of thin air!
The magic dart hits you!
* * * LOW HITPOINT WARNING * * *
Jessica hits you but does no damage.
You feel drained. Something hits you.
You die...

.....#.........##.....#####...#.#
.....#.........##.(...##....##..#
...............##........#####.##
.......######.###.....#.## #...
.......# #..#####.##.## #.##
.####..# ##.## #.#...#####.#
##.### #..# #...#.......# #...#
##.## #..######...# ##..#
#.@###..# ##...# ##.#
##@.....#####....##
#...##..)...##.#.....##...
#......##...##...#..###...
###..###.......###.## ##÷.
##..##[.###..#...# #..
.K.......†...### #..
#.#.........# #..
..........#†#### ###


You could see Jessica.

Vanquished Creatures
  An ooze (D:2)
  A worm (D:2)
  A dart slug (D:1)
  A leopard gecko (D:2)
  6 bats
  3 giant cockroaches (D:1)
  4 goblins (D:1)
  A hobgoblin (D:1)
  7 jackals
  A quokka (D:2)
  5 kobolds
  4 rats
35 creatures vanquished.

Notes
Turn   | Place    | Note
-------+----------+-------------------------------------------
     0 | D:1      | FishyPogo the Draconian Conjurer began the quest for the
                  | Orb.
     0 | D:1      | Reached XP level 1. HP: 14/14 MP: 3/3
   106 | D:1      | Upgraded the game from 0.24.0-2-g5b39cebb1c to
                  | 0.24.0-3-g28a8eb0610
   228 | D:1      | Reached XP level 2. HP: 18/20 MP: 0/5
  1066 | D:2      | Noticed Natasha
  1066 | D:2      | Noticed Jessica
  1099 | D:2      | Reached skill level 1 in Shields
  1099 | D:2      | Reached XP level 3. HP: 26/26 MP: 2/6
  1176 | D:2      | Noticed Sigmund
  1253 | D:2      | Learned a level 3 spell: Dazzling Spray
  1433 | D:2      | Slain by Sigmund

Levels and vault maps discovered:
D:1:      nagdon_arrival_double_spiral, layout_loops_corners, item_on_display_b
D:2:      layout_rooms, cheibriados_altar_1, okawaru_altar_gauntlet_db,
          uniq_natasha, uniq_jessica, uniq_sigmund
D:3:      layout_loops_ring, nicolae_overflow_hidden_temple, first_ration

Skill      XL: |  1  2 |
---------------+-------+-----
Dodging        | 2 |  2.0
Stealth        | 2 |  2.0
Shields        | 1 |  1.3
Spellcasting   | |  2.2
Conjurations   | |  4.7

Action                   || total
-------------------------++-------
Melee: Unarmed           ||   106
       Tailslap          ||     9
 Cast: Magic Dart        ||    51
 Stab: Sleeping          ||     2
  Eat: Chunk             ||     3
Armor: Skin              ||    51
Dodge: Dodged            ||    75
Block: Buckler           ||     9
